 Dungeon Crawl Stone Soup version 0.28.0-43-g3370ac3207 (webtiles) character file.

Game seed: 12860254385283435777

607 Ablot the Grasshopper (level 7, 0/56 HPs)
             Began as a Gnoll Warper on Mar 14, 2022.
             Was an Initiate of Dithmenos.
             Slain by a water moccasin (4 damage)
             ... on level 5 of the Dungeon.
             The game lasted 00:05:11 (4441 turns).

Ablot the Grasshopper (Gnoll Warper)                Turns: 4441, Time: 00:05:11

Health: 0/56       AC:  7    Str: 12    XL:     7   Next: 43%
Magic:  15/15      EV: 13    Int: 12    God:    Dithmenos [......]
Gold:   131        SH:  0    Dex: 12    Spells: 15/17 levels left

rFire   . . .      SeeInvis .   F - +2 long sword (vamp)
rCold   . . .      Faith    .   (no shield)
rNeg    . . .      Spirit   .   b - +0 leather armour
rPois   .          Reflect  .   D - +1 helmet
rElec   .          Harm     .   f - +0 cloak
rCorr   .          Rampage  .   i - +0 pair of gloves
Will    .....                   (no boots)
Stlth   ++........              (no amulet)
HPRegen 0.18/turn               (no ring)
MPRegen 0.14/turn               (no ring)

@: lethally poisoned (0 -> -7)
A: fangs 1, strong nose, distributed training
a: Renounce Religion


You were on level 5 of the Dungeon.
You worshipped Dithmenos.
Dithmenos was noncommittal.
You visited 2 branches of the dungeon, and saw 6 of its levels.

You collected 131 gold pieces.

Inventory:

Hand Weapons
 a - a +0 spear
 j - a +2 short sword of venom
 F - a +2 vampiric long sword (weapon)
Missiles
 d - 5 boomerangs of dispersal
 e - 123 stones
 h - 2 boomerangs
 k - 28 arrows
 r - 56 sling bullets
 t - 26 bolts
 C - 12 poisoned darts (quivered)
Armour
 b - a +0 leather armour (worn)
 f - a +0 cloak (worn)
 i - a +0 pair of gloves (worn)
 B - a +3 scale mail of fire resistance
 D - a +1 helmet (worn)
Wands
 z - a wand of digging (3)
Scrolls
 c - a scroll of blinking
 g - 2 scrolls of identify {unknown}
 l - a scroll of vulnerability {unknown}
 n - a scroll of enchant armour {unknown}
 s - a scroll of brand weapon {unknown}
 w - a scroll of amnesia {unknown}
 x - 2 scrolls of fog {unknown}
 y - 2 scrolls of teleportation {unknown}
 G - a scroll of magic mapping {unknown}
Potions
 m - a potion of degeneration {unknown}
 o - 2 potions of curing {unknown}
 p - a potion of might {unknown}
 q - a potion of attraction {unknown}
 u - a potion of ambrosia {unknown}
 v - a potion of heal wounds {unknown}
 A - a potion of mutation {unknown}
 E - a potion of magic {unknown}


   Skills:
 + Level 5.2 Fighting
 + Level 2.5 Short Blades
 + Level 2.5 Long Blades
 + Level 2.5 Axes
 + Level 2.5 Maces & Flails
 + Level 5.2 Polearms
 + Level 2.5 Staves
 + Level 2.5 Slings
 + Level 2.5 Bows
 + Level 2.5 Crossbows
 + Level 3.6 Throwing
 + Level 3.6 Armour
 + Level 5.2 Dodging
 + Level 2.5 Stealth
 + Level 2.5 Shields
 + Level 2.5 Unarmed Combat
 + Level 5.6 Spellcasting
 + Level 2.0 Conjurations
 + Level 2.0 Hexes
 + Level 2.0 Summonings
 + Level 2.0 Necromancy
 + Level 5.8 Translocations
 + Level 2.0 Transmutations
 + Level 2.0 Fire Magic
 + Level 2.0 Ice Magic
 + Level 2.0 Air Magic
 + Level 2.0 Earth Magic
 + Level 2.0 Poison Magic
 + Level 2.7 Invocations
 + Level 2.5 Evocations


You had 15 spell levels left.
You knew the following spells:

 Your Spells              Type           Power      Damage    Failure   Level
a - Blink                 Tloc           34%        N/A       3%          2

Your spell library contained the following spells:

 Spells                   Type           Power      Damage    Failure   Level
 Gell's Gravitas          Tloc           17%        N/A       6%          3
 Lesser Beckoning         Tloc           17%        N/A       6%          3
 Teleport Other           Tloc           17%        N/A       6%          3
 Sublimation of Blood     Necr           8%         N/A       16%         2
 Wereblood                Tmut           8%         N/A       16%         2
 Ignite Poison            Fire/Tmut/Pois 8%         N/A       30%         3
 Mephitic Cloud           Conj/Pois/Air  8%         N/A       30%         3
 Tukima's Dance           Hex            8%         N/A       30%         3
 Manifold Assault         Tloc           17%        N/A       52%         5
 Anguish                  Hex/Necr       4%         N/A       71%         4
 Freezing Cloud           Conj/Ice/Air   4%         6-21      96%         5
 Enfeeble                 Hex            4%         N/A       100%        7
 Summon Hydra             Summ           4%         N/A       100%        7


Dungeon Overview and Level Annotations

Branches:
Dungeon (5/15)             Temple (1/1) D:4

Altars:
Ashenzari
Cheibriados
Dithmenos
Fedhas
Gozag
Kikubaaqudgha
Makhleb
Ru
Sif Muna
Trog
Uskayaw
Vehumet
Wu Jian
Zin
The Shining One

Annotations:
D:4 3 runed translucent doors, exclusion: 3 doors, lysyklops's ghost, amateur GrFi


Innate Abilities, Weirdness & Mutations

You have very sharp teeth.
Your uncanny sense of smell can sniff out nearby items.
Your experience applies equally to all skills.


Message History

The water moccasin is moderately wounded.
The water moccasin bites you.
You barely miss the water moccasin.
The water moccasin is moderately wounded.
The water moccasin bites you. The water moccasin bites you!
You barely miss the water moccasin.
You punch the water moccasin, but do no damage.
The water moccasin is moderately wounded.
The water moccasin bites you.
You are poisoned.
The water moccasin poisons you!
The water moccasin completely misses you.
You miss the water moccasin.
You bite the water moccasin, but do no damage.
The water moccasin is moderately wounded.
You feel very sick. The water moccasin barely misses you.
The water moccasin bites you.
You are lethally poisoned!
The water moccasin poisons you!
You barely miss the water moccasin.
The water moccasin is moderately wounded.
* * * LOW HITPOINT WARNING * * *
You feel extremely sick. The water moccasin closely misses you.
The water moccasin bites you.
* * * LOW HITPOINT WARNING * * *
You barely miss the water moccasin.
The water moccasin is moderately wounded.
* * * LOW HITPOINT WARNING * * *
You feel very sick. The water moccasin closely misses you.
You closely miss the water moccasin. Your bite misses the water moccasin.
The water moccasin is moderately wounded.
* * * LOW HITPOINT WARNING * * *
You feel very sick.
The water moccasin closely misses you. x2
You slash the water moccasin!
You feel better.
The water moccasin is heavily wounded.
* * * LOW HITPOINT WARNING * * *
You feel sick. The water moccasin bites you.
You die...

∆ #.....# +.....#
#.....# #.....# #.....#
########.....### ##
#+###..##..##......###.
#...........#......'...
#....S@.....'......#...
+.....?.....#......#...
#..!...###+##......####
#..###+# ..............
#! .............. #
..............
..............
..............
..............


You could see a water moccasin.

Vanquished Creatures
  A necrophage (D:4)
  An ogre (D:4)
  A kobold brigand (D:4)
  A bullfrog (D:3)
  A water moccasin zombie (D:5)
  A hound (D:5)
  A jelly (D:4)
  Ijyb (D:4)
  An iguana (D:4)
  2 hound skeletons (D:4)
  3 adders
  A shadow imp (D:5)
  A worm (D:2)
  2 dart slugs (D:2)
  7 orcs (D:4)
  3 bats (D:1)
  6 endoplasms
  3 giant cockroaches (D:1)
  3 goblins (D:4)
  6 hobgoblins
  3 quokkas (D:2)
  5 ball pythons
  7 frilled lizards
  6 kobolds
  A quokka skeleton (D:4)
  8 rats
76 creatures vanquished.

Notes
Turn   | Place    | Note
-------+----------+-------------------------------------------
     0 | D:1      | Ablot the Gnoll Warper began the quest for the Orb.
     0 | D:1      | Reached XP level 1. HP: 20/20 MP: 6/6
   135 | D:1      | Reached XP level 2. HP: 19/26 MP: 7/7
   141 | D:1      | Learned a level 2 spell: Blink
   881 | D:1      | Found a faded altar of an unknown god.
  1016 | D:2      | Reached XP level 3. HP: 28/31 MP: 9/9
  1037 | D:2      | Reached skill level 5 in Spellcasting
  1109 | D:2      | Reached skill level 1 in Invocations
  1353 | D:2      | Reached skill level 1 in Short Blades
  1353 | D:2      | Reached skill level 1 in Long Blades
  1353 | D:2      | Reached skill level 1 in Axes
  1353 | D:2      | Reached skill level 1 in Maces & Flails
  1353 | D:2      | Reached skill level 1 in Staves
  1353 | D:2      | Reached skill level 1 in Slings
  1353 | D:2      | Reached skill level 1 in Bows
  1353 | D:2      | Reached skill level 1 in Crossbows
  1353 | D:2      | Reached skill level 1 in Stealth
  1353 | D:2      | Reached skill level 1 in Shields
  1353 | D:2      | Reached skill level 1 in Unarmed Combat
  1353 | D:2      | Reached skill level 1 in Evocations
  1388 | D:2      | Reached XP level 4. HP: 38/38 MP: 11/11
  1847 | D:3      | Found an opulent altar of Gozag.
  2544 | D:3      | Noticed a bullfrog
  2555 | D:3      | Killed a bullfrog
  2556 | D:3      | Reached skill level 1 in Conjurations
  2556 | D:3      | Reached skill level 1 in Hexes
  2556 | D:3      | Reached skill level 1 in Summonings
  2556 | D:3      | Reached skill level 1 in Necromancy
  2556 | D:3      | Reached skill level 1 in Transmutations
  2556 | D:3      | Reached skill level 1 in Fire Magic
  2556 | D:3      | Reached skill level 1 in Ice Magic
  2556 | D:3      | Reached skill level 1 in Air Magic
  2556 | D:3      | Reached skill level 1 in Earth Magic
  2556 | D:3      | Reached skill level 1 in Poison Magic
  2556 | D:3      | Reached XP level 5. HP: 26/43 MP: 12/12
  2758 | D:3      | Found a sacrificial altar of Ru.
  2859 | D:4      | Found a bloodstained altar of Trog.
  2860 | D:4      | Found a broken altar of Ashenzari.
  2861 | D:4      | Found a glowing golden altar of the Shining One.
  2862 | D:4      | Found an ornate altar of the Wu Jian Council.
  2981 | D:4      | Noticed Ijyb
  2988 | D:4      | Noticed a necrophage
  3000 | D:4      | Killed Ijyb
  3014 | D:4      | Killed a necrophage
  3015 | D:4      | Reached XP level 6. HP: 16/50 MP: 14/14
  3153 | D:4      | Reached skill level 5 in Fighting
  3153 | D:4      | Reached skill level 5 in Polearms
  3153 | D:4      | Reached skill level 5 in Dodging
  3514 | D:4      | Reached XP level 7. HP: 29/56 MP: 15/15
  3819 | D:4      | Found a runed translucent gate.
  3819 | D:4      | Found a runed translucent gate.
  3819 | D:4      | Found a runed translucent gate.
  3820 | D:4      | Noticed lysyklops's ghost (amateur GrFi)
  3950 | D:4      | Found a staircase to the Ecumenical Temple.
  3967 | Temple   | Entered the Ecumenical Temple
  4082 | Temple   | Became a worshipper of Dithmenos the Shadowed
  4285 | D:5      | Entered Level 5 of the Dungeon
  4441 | D:5      | Slain by a water moccasin

Illustrated notes

Levels and vault maps discovered:
D:1:      minmay_arrival_wavy_path, layout_loops_ring,
          shapermc_ecumenical_altar_petra, st_stairs_13
D:2:      layout_loops_ring, corexii_leaking_fountain, minmay_lizard_pond
D:3:      layout_basic, grunt_gozag_breadcrumbs, nicolae_ru_path_of_blood,
          serial_rivers, chequers_serial_rivers_small_b,
          chequers_serial_rivers_small_b, chequers_serial_rivers_room_a,
          chequers_serial_rivers_marsh, chequers_serial_rivers_micro_c,
          chequers_mini_garden, patterned_corridor
D:4:      layout_loops_ring, chequers_temple_overflow_statue_of_worship,
          minmay_temple_entry_antechambers, gammafunk_ghost_necromancy,
          uniq_ijyb
D:5:      layout_gridville, nicolae_overflow_hidden_temple, serial_shops,
          nicolae_shop_overgrown_old_shop, uniq_grinder
Temple:   nicolae_temple_figure_zero

Skill      XL: |  1  2  3  4  5  6  7 |
---------------+----------------------+-----
Spellcasting   | 5 |  5.6
Invocations    | 1 2 |  2.7
Short Blades   | 1 2 |  2.5
Long Blades    | 1 2 |  2.5
Axes           | 1 2 |  2.5
Maces & Flails | 1 2 |  2.5
Staves         | 1 2 |  2.5
Slings         | 1 2 |  2.5
Bows           | 1 2 |  2.5
Crossbows      | 1 2 |  2.5
Stealth        | 1 2 |  2.5
Shields        | 1 2 |  2.5
Unarmed Combat | 1 2 |  2.5
Evocations     | 1 2 |  2.5
Conjurations   | 1 2 |  2.0
Hexes          | 1 2 |  2.0
Summonings     | 1 2 |  2.0
Necromancy     | 1 2 |  2.0
Transmutations | 1 2 |  2.0
Fire Magic     | 1 2 |  2.0
Ice Magic      | 1 2 |  2.0
Air Magic      | 1 2 |  2.0
Earth Magic    | 1 2 |  2.0
Poison Magic   | 1 2 |  2.0
Throwing       | 3 |  3.6
Armour         | 3 |  3.6
Fighting       | 5 |  5.2
Polearms       | 5 |  5.2
Dodging        | 5 |  5.2
Translocations | |  5.8

Action                   |  1- 3 |  4- 6 |  7- 9 || total
-------------------------+-------+-------+-------++-------
Melee: Spear             |    53 |       |       ||    53
       Short sword       |    42 |    90 |       ||   132
       Bite              |     7 |    10 |     8 ||    25
       Punch             |       |     1 |     3 ||     4
       Long sword        |       |    12 |    67 ||    79
Throw: Dart              |       |     5 |       ||     5
 Stab: Sleeping          |       |       |     1 ||     1
Armor: Leather armour    |    16 |    15 |    25 ||    56
Dodge: Dodged            |    71 |    62 |    43 ||   176
